 Dungeon Crawl Stone Soup version 0.32-a0-616-g9348d4545b (webtiles) character file.

Game seed: 5914716492917153512

129485 dogverified the Basher (level 16, -7/142 HPs)
             Began as a Demonspawn Gladiator on Mar 5, 2024.
             Was an Elder of Ashenzari.
             Killed by divine providence
             ... invoked by Saint Roka
              (12 damage)
             ... on level 3 of the Snake Pit.
             The game lasted 01:32:31 (29727 turns).

dogverified the Basher (Demonspawn Gladiator)      Turns: 29727, Time: 01:32:32

Health: -7/142     AC: 29    Str: 26    XL:     16   Next: 50%
Magic:  7/7        EV: 12    Int: 13    God:    Ashenzari [****..]
Gold:   1409       SH: 22    Dex: 23    Spells: 15/15 levels left

rFire   + . .        W - -1 demon whip "Share My Chagrin" {heavy, Dev, Melee} (curse)
rCold   + . .        f - +2 tower shield of Bitterness {rN+ Dex+6}
rNeg    + . .        t - +4 plate armour of the Distant Augur {rPois rC+, Cun, Self} (curse)
rPois   +            c - +0 helmet "Clairvoyant Doubts" {Cun, Self} (curse)
rElec   .            z - +2 cloak "Behold Eternity" {Rampage MP-9 Dex+2, Melee, Range} (curse)
rCorr   .            (gloves unavailable)
SInv    +            (no boots)
Will    +....        m - amulet of the Prophetic Chagrin {Regen+, Self, Fort} (curse) Stlth
                     Z - ring of the Gnostic Stars {Str+6, Melee, Sorc} (curse)
HPRegen 1.23/turn    L - ring of Kaskycs {Fly rF+}
MPRegen 0.10/turn

%: clarity, rampage
@: about to teleport, flying, wreathed by umbra
A: claws 3, foul stench 2, black mark, sharp scales 3, bedeviling, foul shadow
1, clever 1
a: Renounce Religion, Shatter the Chains


You were on level 3 of the Snake Pit.
You worshipped Ashenzari.
Ashenzari was greatly pleased with you.
You visited 5 branches of the dungeon, and saw 23 of its levels.
You also visited: Ossuary.

You collected 2458 gold pieces.
You spent 1049 gold pieces at shops.

Inventory:

Hand Weapons
 a - a +1 war axe
 W - the cursed -1 demon whip "Share My Chagrin" (weapon) {heavy, Dev, Melee}
   (You took it off Amaemon on level 9 of the Dungeon)

   It has a curse which improves the following skills: Devices: Evocations and
   Shapeshifting.
   Melee Combat: Short Blades, Long Blades, Axes, Maces & Flails, Polearms,
   Staves and Unarmed Combat.
Missiles
 X - 3 throwing nets (quivered)
Armour
 b - a +0 leather armour
 c - the cursed +0 helmet "Clairvoyant Doubts" (worn) {Cun, Self}

   It has a curse which improves the following skills: Cunning: Dodging and
   Stealth.
   Introspection: Fighting and Spellcasting.
 f - the +2 tower shield of Bitterness (worn) {rN+ Dex+6}
   (You acquired it on level 3 of the Lair of Beasts)

   Dex+6:     It affects your dexterity (+6).
   rN+:       It protects you from negative energy.
 r - an orb of light
 t - the cursed +4 plate armour of the Distant Augur (worn) {rPois rC+, Cun, Self}
   (You found it on level 5 of the Lair of Beasts)

   rC+:       It protects you from cold.
   rPois:     It protects you from poison.
   It has a curse which improves the following skills: Cunning: Dodging and
   Stealth.
   Introspection: Fighting and Spellcasting.
 y - a +0 scale mail
 z - the cursed +2 cloak "Behold Eternity" (worn) {Rampage MP-9 Dex+2, Melee, Range}
   (You found it on level 5 of the Dungeon)

   Dex+2:     It affects your dexterity (+2).
   MP-9:      It affects your magic capacity (-9).
   Rampage:   It bestows one free step when moving towards enemies.
   It has a curse which improves the following skills: Melee Combat: Short
   Blades, Long Blades, Axes, Maces & Flails, Polearms, Staves and Unarmed
   Combat.
   Ranged Combat: Ranged Weapons and Throwing.
Jewellery
 g - a ring of magical power
 i - a ring of protection from cold
 j - an amulet of guardian spirit
 k - a ring of protection from fire
 m - the cursed amulet of the Prophetic Chagrin (around neck) {Regen+, Self, Fort}
   (You took it off an orc wizard on level 6 of the Dungeon)

   [amulet of regeneration]

   Regen+:    It increases your rate of health regeneration.
   It has a curse which improves the following skills: Introspection: Fighting
   and Spellcasting.
   Fortitude: Armour and Shields.
 p - a ring of resist corrosion
 s - a +5 ring of evasion
 C - a +6 ring of intelligence
 L - the ring of Kaskycs (right claw) {Fly rF+}
   (You found it on level 7 of the Dungeon)

   [ring of flight]

   rF+:       It protects you from fire.
   Fly:       It grants you flight.
 O - a ring of positive energy
 U - a ring of ice
 Z - the cursed ring of the Gnostic Stars (left claw) {Str+6, Melee, Sorc}
   (You found it on level 10 of the Dungeon)

   [ring of strength]

   Str+6:     It affects your strength (+6).
   It has a curse which improves the following skills: Melee Combat: Short
   Blades, Long Blades, Axes, Maces & Flails, Polearms, Staves and Unarmed
   Combat.
   Sorcery:   Conjurations and Alchemy.
Wands
 e - a wand of roots (15)
 D - a wand of digging (7)
 E - a wand of charming (40)
 F - a wand of light (18)
 J - a wand of polymorph (15)
 K - a wand of flame (35)
 Q - a wand of mindburst (6)
Scrolls
 h - 7 scrolls of teleportation
 l - 6 scrolls of noise
 n - 3 scrolls of torment
 v - 13 scrolls of identify
 x - 6 scrolls of amnesia
 B - 2 scrolls of fog
 N - a scroll of enchant armour
 P - 5 scrolls of vulnerability
Potions
 q - 2 potions of attraction
 u - a potion of brilliance
 w - 2 potions of mutation
 A - 3 potions of enlightenment
 G - 2 potions of magic
 I - 2 potions of curing
Miscellaneous
 Y - a box of beasts (inert)


   Skills:
 * Level 14.1(17.6) Fighting
 - Level 10.6(16.6) Axes
 * Level 14.3(18.8) Maces & Flails
 - Level 4.3(6.0) Throwing
 - Level 13.0(14.7) Armour
 - Level 6.5(9.3) Dodging
 * Level 10.6(12.4) Shields


You had 15 spell levels left.
You didn't know any spells.
Your spell library contained the following spells:

 Spells                   Type           Power      Damage    Failure   Level
 Shock                    Conj/Air       0%         1d3       99%         1
 Blink                    Tloc           0%         N/A       100%        2
 Call Imp                 Summ           0%         N/A       100%        2
 Ensorcelled Hibernation  Hex/Ice        0%         N/A       100%        2
 Lesser Beckoning         Tloc           0%         N/A       100%        2
 Momentum Strike          Conj/Tloc      0%         3d8       100%        2
 Sublimation of Blood     Necr           0%         N/A       100%        2
 Hailstorm                Conj/Ice       0%         3d5       100%        3
 Passwall                 Erth           0%         N/A       100%        3
 Summon Ice Beast         Ice/Summ       0%         N/A       100%        3
 Swiftness                Air            0%         N/A       100%        3
 Tukima's Dance           Hex            0%         N/A       100%        3
 Airstrike                Air            0%         2d(0-16)  100%        4
 Dimensional Bullseye     Hex/Tloc       0%         N/A       100%        4
 Ignite Poison            Fire/Alch      0%         N/A       100%        4
 Leda's Liquefaction      Alch/Erth      0%         N/A       100%        4
 Passage of Golubria      Tloc           0%         N/A       100%        4
 Petrify                  Alch/Erth      0%         N/A       100%        4
 Vhi's Electric Charge    Tloc/Air       0%         N/A       100%        4
 Lee's Rapid Deconstruct  Erth           0%         3d4*      100%        5
 Summon Forest            Summ/Tloc      0%         N/A       100%        5
 Yara's Violent Unravell  Hex/Alch       0%         3d3       100%        5
 Bombard                  Conj/Erth      0%         9d1       100%        6
 Eringya's Noxious Bog    Alch           0%         4d6       100%        6
 Sculpt Simulacrum        Ice/Alch       0%         N/A       100%        6
 Summon Hydra             Summ           0%         N/A       100%        7


Dungeon Overview and Level Annotations

Branches:
Dungeon (11/15)            Temple (1/1) D:4            Lair (5/5) D:8
 Shoals (0/4) Lair:3        Snake (4/4) Lair:2        Slime (0/5) Lair:5
    Orc (2/2) D:10            Elf (0/3) Orc:2       Ossuary (visited)

Altars:
Ashenzari
Cheibriados
Dithmenos
Fedhas
Gozag
Hepliaklqana
Kikubaaqudgha
Makhleb
Nemelex Xobeh
Okawaru
Qazlal
Ru
Sif Muna
Trog
Uskayaw
Vehumet
Wu Jian
Xom
Yredelemnul
Ignis

Shops:
D:2 !:   D:4 **?   Orc:1 :   Orc:2 :[!!   Snake:3 (*   Snake:4 *

Annotations:
D:5 2 transporters, killozap's ghost, novice MDFE
D:9 2 transporters
Lair:1 exclusion: 2 oklob plants
Lair:2 exclusion: oklob plant
Lair:4 exclusion: oklob plant
Snake:3 Saint Roka


Innate Abilities, Weirdness & Mutations

You have claws for hands.
You sometimes emit foul miasma when damaged in melee.
Your melee attacks may debilitate your foes.
You are completely covered in razor-sharp scales. (AC +3, Slay +3)
Your hexes are more powerful.
You are faintly shadowed, very rarely releasing foul flame when damaged in melee.
Your mind is acute. (Int +4, Str/Dex -1)


Message History

Beogh smites you!
You hit Saint Roka but do no damage.
Saint Roka is heavily wounded.
Saint Roka calls down the wrath of Beogh upon you.
Beogh smites you!
* * * LOW HITPOINT WARNING * * *
You hit Saint Roka.
Saint Roka is heavily wounded.
Saint Roka invokes the aid of Beogh against you.
Beogh smites you!
* * * LOW HITPOINT WARNING * * *
Unknown command.
You feel better.
Saint Roka hits you with a +6 war axe of distortion!
* * * LOW HITPOINT WARNING * * *
Space warps around you.
* * * LOW HITPOINT WARNING * * *
You emit a cloud of foul miasma!
Press: ? - help, v - describe, . - travel
Here: Saint Roka, wielding a +6 war axe of distortion and wearing a +1 chain mail of cold resistance (foul pestilence, heavily wounded, umbra)
The floor, spattered with blood.
You whack Saint Roka!
Saint Roka is heavily wounded.
Saint Roka is engulfed in dark miasma.
Saint Roka is poisoned.
Saint Roka hits you with a +6 war axe of distortion.
* * * LOW HITPOINT WARNING * * *
You blink.
Okay, then.
As you read the scroll of teleportation, it crumbles to dust.
You feel strangely unstable.
Saint Roka is engulfed in dark miasma.
Saint Roka looks even sicker.
Saint Roka seems to slow down.
Saint Roka invokes the aid of Beogh against you.
Beogh smites you!
* * * LOW HITPOINT WARNING * * *
Saint Roka is no longer moving slowly.
Saint Roka is engulfed in dark miasma.
Saint Roka looks even sicker.
Saint Roka calls down the wrath of Beogh upon you.
Beogh smites you!
You die...
Saint Roka roars, "Praise to Beogh!"

#.# #.# #.# #÷# #[#
#.## #..###### ####
###.....### #######..#
##...@..#####.........
#....................
###..o..§§§§.........
##)>§.§.§§.........
###)§.§§§.#.......
###§§§..###.....
##.§§§######..
###§...######
##.....####


You could see Saint Roka (very poisoned).

Vanquished Creatures
  Josephine (D:11)
  Harold (D:10)
  5 catoblepae
  Fannar (D:10)
  A salamander tyrant (Snake:3)
  A hydra (Lair:5)
  5 ogre magi
  12 anacondas
  A boulder beetle (D:10)
  21 two-headed ogres
  9 death yaks
  9 naga warriors
  3 shock serpents
  6 naga sharpshooters
  Nergalle (D:11)
  4 salamander mystics
  Amaemon (D:9)
  A skyshark (Lair:3)
  4 naga ritualists
  7 mana vipers
  A lindwurm (Lair:3)
  An orc sorcerer (Orc:1)
  15 salamanders
  A centaur zombie (D:11)
  2 manticores (Lair:5)
  2 kobold blastminers (Orc:1)
  2 spectral centaurs (D:11)
  15 elephants (Lair:5)
  6 guardian serpents
  22 naga magi
  47 black mambas
  A torpor snail (Lair:3)
  An orange demon (D:10)
  2 rime drakes
  5 cane toads
  2 unseen horrors
  5 komodo dragons
  A troll (D:10)
  4 polar bears
  2 hornets (D:10)
  14 blink frogs
  5 dream sheep (Lair:5)
  Prince Ribbit (Lair:2)
  3 slime creatures (D:11)
  A shadow (D:10)
  6 wyverns
  56 yaks
  2 vampires
  6 wraiths
  A golden eye (Lair:1)
  6 basilisks
  5 vampire mosquitoes
  3 steam dragons
  An acid dragon (D:9)
  39 nagas
  16 water moccasins
  18 orc warriors
  2 sky beasts (D:7)
  2 black bears (D:5)
  5 ice beasts (D:7)
  A laughing skull (D:10)
  26 ogres
  19 wolves
  7 centaurs
  2 kobold brigands
  7 weeping skulls
  11 bullfrogs
  2 gnoll sergeants
  A scorpion (D:5)
  6 water moccasin zombies (Ossuary)
  3 wights (D:7)
  3 electric eels
  5 howler monkeys
  4 bombardier beetles
  A jelly (D:7)
  A gnoll bouda (D:3)
  3 hounds
  13 orc priests
  A spectral boggart (D:11)
  Terence (D:3)
  A hell rat (D:11)
  Natasha (thrice) (D:3)
  4 sleepcaps
  2 iguanas
  22 orc wizards
  2 crocodile zombies (Ossuary)
  2 mummies (Ossuary)
  Robin (D:3)
  14 gnolls
  4 adders
  A shadow imp (D:7)
  A white imp (D:7)
  2 ufetubi (D:6)
  4 adder zombies (Ossuary)
  3 ribbon worms
  3 dart slugs
  65 orcs
  3 bats
  10 endoplasms
  6 hobgoblins
  2 jackals (D:4)
  13 kobolds
  3 quokkas
  5 ball pythons (D:2)
  A frilled lizard (D:3)
  9 gnoll zombies (Ossuary)
  23 goblins
  8 jackal zombies (Ossuary)
  2 orc zombies (Ossuary)
  3 rats
762 creatures vanquished.

Vanquished Creatures (collateral kills)
  3 vampire mosquitoes (Lair:4)
  A bullfrog (Lair:4)
4 creatures vanquished.

Vanquished Creatures (others)
  A hell rat (D:11)
1 creature vanquished.

Grand Total: 767 creatures vanquished

Notes
Turn   | Place    | Note
-------+----------+-------------------------------------------
     0 | D:1      | dogverified the Demonspawn Gladiator began the quest for
                  | the Orb.
     0 | D:1      | Reached XP level 1. HP: 16/16 MP: 1/1
   646 | D:2      | Gained mutation: You are partially covered in razor-sharp
                  | scales. (AC +1, Slay +1) [demonic ancestry]
   646 | D:2      | Reached XP level 2. HP: 16/23 MP: 2/2
   869 | D:2      | Reached XP level 3. HP: 28/28 MP: 3/3
   976 | D:2      | Found Rob Ygre's Book Shoppe.
  1144 | D:2      | Found Ucruiri's Distillery.
  1363 | D:2      | Found a faded altar of an unknown god.
  1402 | D:2      | You fall into a shaft and drop 1 floor!
  1482 | D:3      | Noticed Terence
  1494 | D:3      | Killed Terence
  1495 | D:3      | Reached XP level 4. HP: 25/35 MP: 4/4
  1578 | D:3      | Noticed a +0 dagger
  1578 | D:3      | Noticed a +0 dagger
  1579 | D:3      | Found a hide-covered altar of Uskayaw.
  1764 | D:3      | Reached XP level 5. HP: 38/42 MP: 3/5
  2119 | D:3      | Noticed Robin
  2158 | D:3      | Killed Robin
  2205 | D:3      | Noticed Natasha
  2210 | D:3      | Killed Natasha
  2276 | D:3      | Noticed Natasha
  2289 | D:3      | Killed Natasha
  2369 | D:3      | Noticed Natasha
  2372 | D:3      | Killed Natasha
  2373 | D:3      | Gained mutation: You are mostly covered in razor-sharp
                  | scales. (AC +2, Slay +2) [demonic ancestry]
  2373 | D:3      | Reached XP level 6. HP: 44/49 MP: 4/6
  2537 | D:3      | Found an ancient bone altar of Kikubaaqudgha.
  2986 | D:4      | Found Ytuaw's Specific Store.
  2990 | D:4      | Found Gaezol's General Store.
  3021 | D:4      | Bought a scroll of identify for 24 gold pieces
  3353 | D:4      | Reached skill level 5 in Axes
  3498 | D:4      | Found a staircase to the Ecumenical Temple.
  3522 | D:4      | Reached skill level 5 in Fighting
  3527 | D:4      | Found a sand-covered staircase.
  3548 | Ossuary  | Entered an ossuary
  3642 | Ossuary  | Gained mutation: You may rarely emit foul miasma when
                  | damaged in melee. [demonic ancestry]
  3642 | Ossuary  | Reached XP level 7. HP: 49/56 MP: 7/7
  4105 | D:4      | Gained mutation: You have sharp fingernails. [demonic
                  | ancestry]
  4105 | D:4      | Reached XP level 8. HP: 59/65 MP: 6/8
  4287 | D:4      | Found Maponwir's Magic Scroll Shop.
  4295 | D:4      | Bought a scroll of blinking for 97 gold pieces
  4295 | D:4      | Bought a scroll of teleportation for 39 gold pieces
  4295 | D:4      | Bought a scroll of teleportation for 39 gold pieces
  4531 | Temple   | Entered the Ecumenical Temple
  4556 | Temple   | Became a worshipper of Ashenzari the Shackled
  4589 | D:5      | Entered Level 5 of the Dungeon
  4612 | D:5      | Reached skill level 1 in Armour
  4839 | D:5      | Identified the +2 cloak of Trumpets {Rampage MP-9 Dex+2}
  4845 | D:5      | Found a transporter.
  4846 | D:5      | Noticed killozap's ghost (novice MDFE)
  4860 | D:5      | Found a transporter.
  6146 | D:6      | Found a burning altar of Makhleb.
  6416 | D:7      | Reached skill level 5 in Armour
  6424 | D:7      | Gained mutation: You are faintly shadowed, very rarely
                  | releasing foul flame when damaged in melee. [demonic
                  | ancestry]
  6424 | D:7      | Reached XP level 9. HP: 62/71 MP: 0/9
  6675 | D:7      | Found a radiant altar of Vehumet.
  6675 | D:7      | Found a snail-covered altar of Cheibriados.
  6676 | D:7      | Found an iron altar of Okawaru.
  6687 | D:7      | Found a shimmering blue altar of Sif Muna.
  6690 | D:7      | Found a sacrificial altar of Ru.
  6705 | D:7      | Identified the +6 spear "Mihuite" {heavy, Int+3}
  7035 | D:7      | Identified the ring of Kaskycs {Fly rF+}
  7692 | D:7      | Gained mutation: You are completely covered in razor-sharp
                  | scales. (AC +3, Slay +3) [demonic ancestry]
  7692 | D:7      | Reached XP level 10. HP: 59/77 MP: 1/10
  7988 | D:7      | Reached skill level 1 in Shields
  8014 | D:8      | Noticed a two-headed ogre
  8560 | D:8      | Killed a two-headed ogre
  8603 | D:8      | Reached skill level 5 in Shields
  8750 | D:8      | Reached * piety under Ashenzari
  8882 | D:8      | Found a blossoming altar of Fedhas.
  8913 | D:8      | Found a staircase to the Lair.
  9099 | D:9      | Found a transporter.
  9099 | D:9      | Found a transporter.
  9157 | D:9      | Noticed a two-headed ogre
  9199 | D:8      | Killed a two-headed ogre
  9200 | D:8      | Reached skill level 10 in Axes
  9315 | Lair:1   | Entered Level 1 of the Lair of Beasts
  9325 | Lair:1   | Noticed an oklob plant
  9480 | D:9      | Reached ** piety under Ashenzari
  9495 | D:9      | Noticed a two-headed ogre
  9505 | D:9      | Killed a two-headed ogre
  9506 | D:9      | Gained mutation: You sometimes emit foul miasma when
                  | damaged in melee. [demonic ancestry]
  9506 | D:9      | Reached XP level 11. HP: 86/86 MP: 2/11
  9549 | D:9      | Noticed a two-headed ogre
  9567 | D:9      | Killed a two-headed ogre
 10697 | Lair:1   | Noticed an oklob plant
 11940 | D:4      | Bought a potion of curing for 36 gold pieces
 12035 | D:2      | Bought a potion of might for 40 gold pieces
 12035 | D:2      | Bought a potion of curing for 30 gold pieces
 12035 | D:2      | Bought a potion of berserk rage for 50 gold pieces
 12464 | Lair:2   | Gained mutation: You have very sharp fingernails. [demonic
                  | ancestry]
 12464 | Lair:2   | Reached XP level 12. HP: 61/97 MP: 3/12
 12590 | Lair:2   | Found a staircase to the Snake Pit.
 12667 | D:10     | Entered Level 10 of the Dungeon
 12667 | D:10     | Noticed Harold
 12667 | D:10     | Noticed Amaemon
 12868 | D:9      | Killed Amaemon
 12869 | D:9      | Reached skill level 10 in Armour
 13387 | D:4      | Bought a scroll of enchant weapon for 97 gold pieces
 13574 | D:10     | Reached skill level 1 in Maces & Flails
 13716 | D:10     | Reached *** piety under Ashenzari
 13730 | D:10     | Killed Harold
 13751 | D:10     | Found a staircase to the Orcish Mines.
 13865 | D:10     | Noticed an ogre mage
 13878 | D:10     | Killed an ogre mage
 13879 | D:10     | Reached skill level 5 in Maces & Flails
 13938 | D:10     | Noticed Fannar
 13954 | D:10     | Killed Fannar
 14227 | D:10     | Paralysed by a hornet for 2 turns
 14504 | D:10     | Identified the +1 morningstar "Neufuw" {spect, rN+ Dex+3}
 14782 | Lair:2   | Identified the +0 sling of Yhupliga {freeze, rC+ Will++}
 15286 | Lair:2   | Reached **** piety under Ashenzari
 15322 | Lair:3   | Noticed Prince Ribbit
 15338 | Lair:2   | Killed Prince Ribbit
 15485 | Lair:3   | Identified a scroll of acquirement
 15506 | Lair:3   | Acquired the +2 tower shield of Bitterness {rN+ Dex+6}
 15612 | Lair:3   | Noticed a death yak
 15619 | Lair:3   | Killed a death yak
 15771 | Lair:3   | Gained mutation: You have claws for hands. [demonic
                  | ancestry]
 15771 | Lair:3   | Reached XP level 13. HP: 105/105 MP: 4/13
 15961 | Lair:3   | Found a staircase to the Shoals.
 17252 | Lair:5   | Entered Level 5 of the Lair of Beasts
 17467 | Lair:5   | Reached skill level 10 in Maces & Flails
 17470 | Lair:5   | Reached skill level 10 in Fighting
 17509 | Lair:5   | Identified the cursed +0 helmet "Clairvoyant Doubts" {Cun,
                  | Self}
 17509 | Lair:5   | Identified the cursed +0 plate armour "Share My Ennui"
                  | {rC+, Melee, Elem} (You found it on level 1 of the Dungeon)
 17786 | Lair:5   | Identified the +4 plate armour "Ritsim" {rPois rC+}
 17979 | Lair:5   | Found a staircase to the Slime Pits.
 18597 | Lair:5   | Gained mutation: Your hexes are more powerful. [demonic
                  | ancestry]
 18597 | Lair:5   | Reached XP level 14. HP: 102/118 MP: 5/14
 18883 | Lair:5   | Identified Xilon's Verses on the Birds and the Fjord
 19422 | Orc:1    | Entered Level 1 of the Orcish Mines
 19619 | Orc:2    | Entered Level 2 of the Orcish Mines
 20461 | Orc:2    | Found a staircase to the Elven Halls.
 20712 | Orc:2    | Reached skill level 5 in Dodging
 20994 | Orc:2    | Found Qaasuyro's Distillery.
 20994 | Orc:2    | Found Joecak's Armour Emporium.
 20994 | Orc:2    | Found Nesy's Distillery.
 20994 | Orc:2    | Found Viovoirch's Book Boutique.
 21006 | Orc:2    | Bought a potion of heal wounds for 75 gold pieces
 21006 | Orc:2    | Bought a potion of might for 60 gold pieces
 21006 | Orc:2    | Bought a potion of invisibility for 120 gold pieces
 21006 | Orc:2    | Bought a potion of curing for 45 gold pieces
 21006 | Orc:2    | Bought a potion of curing for 45 gold pieces
 21009 | Orc:2    | Bought a potion of heal wounds for 70 gold pieces
 21009 | Orc:2    | Bought a potion of might for 56 gold pieces
 21009 | Orc:2    | Bought a potion of might for 56 gold pieces
 21009 | Orc:2    | Bought a potion of heal wounds for 70 gold pieces
 21543 | Orc:1    | Found Xaseq's Book Boutique.
 22611 | D:11     | Found a bloodstained altar of Trog.
 22685 | D:11     | Noticed Nergalle
 22697 | D:11     | Killed Nergalle
 23045 | D:11     | Gained mutation: Your melee attacks may debilitate your
                  | foes. [demonic ancestry]
 23045 | D:11     | Reached XP level 15. HP: 124/124 MP: 6/15
 23063 | D:11     | Noticed Josephine
 23074 | D:11     | Killed Josephine
 23394 | Snake:1  | Entered Level 1 of the Snake Pit
 25897 | Snake:3  | Gained mutation: You are vulnerable to heat. (rF-) [potion
                  | of mutation]
 25897 | Snake:3  | Gained mutation: You are occasionally teleported next to
                  | monsters. [potion of mutation]
 25898 | Snake:3  | Lost mutation: You are vulnerable to heat. (rF-) [potion of
                  | mutation]
 25898 | Snake:3  | Lost mutation: You are occasionally teleported next to
                  | monsters. [potion of mutation]
 25898 | Snake:3  | Gained mutation: Your mind is acute. (Int +4, Str/Dex -1)
                  | [potion of mutation]
 26998 | Snake:3  | Found Rol Kef's Antique Weapon Shop.
 27083 | Snake:3  | Reached XP level 16. HP: 124/136 MP: 7/16
 27432 | Snake:3  | Found Yzenoerph's General Store.
 27509 | Snake:3  | Identified Wual's Progressing With Wizarding
 27647 | Snake:3  | Reached skill level 10 in Shields
 28370 | Snake:4  | Entered Level 4 of the Snake Pit
 28393 | Snake:4  | Found Oskeh's Overcharged Wands.
 29637 | Snake:4  | Noticed Saint Roka
 29725 | Snake:3  | HP: 3/142 [Saint Roka/divine providence (13)]
 29727 | Snake:3  | Killed from afar by Saint Roka

Illustrated notes

Levels and vault maps discovered:
D:1:      lemuel_arrival_river_ford, layout_basic
D:2:      layout_loops_ring, nicolae_ecumenical_snake_handling, serial_shops,
          nicolae_shop_trees, nicolae_shop_window_shopping
D:3:      layout_basic, dancing_weapons_uskayaw,
          nicolae_kikubaaqudgha_miasma_corner, uniq_robin, uniq_natasha,
          uniq_terence
D:4:      nicolae_BIG_FREAKIN_CUBE, layout_cave_pods, serial_shops, shop,
          nicolae_ossuary_entry_false_entrances, nicolae_specific_store,
          lightli_minifort
D:5:      layout_loops_ring, gammafunk_ghost_stat_death,
          chequers_serial_rivers_small_a, minivault_19,
          chequers_serial_rivers_large_a
D:6:      layout_basic, lemuel_doored_altar
D:7:      layout_rooms, okawaru_ov_weapons_minmay,
          nicolae_overflow_macrodata_refinement, enter_bailey_3
D:8:      layout_cave_pools, fedhas_altar_2, hellmonk_lair_entry_icy,
          serial_bayou_pond_e, minmay_fractal_squares_5
D:9:      layout_long_grid, elyvilon_altar_1, nicolae_diode_stairs
D:10:     nzn_winding_woodlands_three_and_one
          [nzn_winding_woodlands_5x15_zeroes, nzn_winding_woodlands_5x15_twine,
          nzn_winding_woodlands_5x15_eye,
          nzn_winding_woodlands_center_diamonds], layout_cross, david_orc_3,
          uniq_fannar, uniq_harold, uniq_amaemon
D:11:     lemuel_vampire_tower, layout_basic, nicolae_wooded_promenade,
          trog_three_pillars_becter, uniq_nergalle, uniq_josephine, uniq_erica
Temple:   ebering_untended_altars
Lair:1:   layout_cave_shapes, disabler_island, serial_bayou_shore_a
Lair:2:   layout_big_grid, nicolae_snake_entry_squirm, lemuel_fruit_fields,
          grunt_megastairs_5
Lair:3:   layout_misc_corridors, elwin_shoals_entry_rooms, minmay_holes,
          grunt_forest_large_clearings, uniq_prince_ribbit2
Lair:4:   beast_lair_carwin_large_2, layout_concentric_octagons,
          roderic_carrion_pond, infiniplex_staircase_pool
Lair:5:   evilmike_catoblepas_cave, layout_cave_pods, slime_entry_1,
          grunt_megastairs_2
Snake:1:  layout_gridlike
Snake:2:  layout_onion, lemuel_fruit_tree
Snake:3:  layout_onion_interference, serial_shops, shop, grunt_megastairs_4,
          serial_bayou_shore_b, minmay_shop_star
Snake:4:  grunt_snake_rune_serpentine_throne, layout_cave_town, st_stairs_10,
          nicolae_shop_overcharged_wands, uniq_vashnia, uniq_aizul,
          uniq_saint_roka
Orc:1:    layout_diamond_mine, serial_shops, nicolae_shop_hallway_stairs,
          blackcustard_rock_pile
Orc:2:    st_orc_ogre_mass, layout_diamond_mine

Skill      XL: |  1  2  3  4  5  6  7  8  9 10 11 12 13 14 15 16 |
---------------+-------------------------------------------------+-----
Axes           | 3 4 5 6 7 8 10 | 10.6
Fighting       | 3 4 5 6 7 8 10 11 13 14 | 14.1
Armour         | 5 8 9 10 11 12 13 | 13.0
Shields        | 5 7 8 9 10 | 10.6
Throwing       | 4 |  4.3
Maces & Flails | 7 11 12 13 14 | 14.3
Dodging        | 6 |  6.5

Action                     |  1- 3 |  4- 6 |  7- 9 | 10-12 | 13-15 | 16-18 || total
---------------------------+-------+-------+-------+-------+-------+-------++-------
  Melee: War axe           |    83 |   193 |   341 |   396 |       |       ||  1013
         Demon whip        |       |       |       |   251 |  1108 |   258 ||  1617
  Throw: Throwing net      |       |       |       |     5 |       |       ||     5
 Invoke: Curse Item        |       |       |     1 |     5 |     1 |     1 ||     8
         Shatter the Chain |       |       |       |     1 |     1 |       ||     2
  Evoke: Box of beasts     |       |       |       |       |       |     1 ||     1
    Use: Potion            |       |     5 |    16 |    10 |    20 |     5 ||    56
         Scroll            |       |    12 |     4 |     5 |    11 |     3 ||    35
   Stab: Sleeping          |     1 |       |       |       |       |       ||     1
         Invisible         |       |     3 |       |       |     4 |       ||     7
         Held in net/web   |       |       |       |     5 |       |       ||     5
         Distracted        |       |       |       |     1 |       |       ||     1
         Fleeing           |       |       |       |       |     1 |       ||     1
 Armour: Leather armour    |     7 |       |       |       |       |       ||     7
         Plate armour      |    76 |   236 |   407 |   567 |   796 |   150 ||  2232
         Skin              |       |       |       |    36 |    34 |     9 ||    79
  Dodge: Dodged            |    23 |    42 |   120 |   198 |   289 |    48 ||   720
  Block: Kite shield       |       |       |       |   422 |       |       ||   422
         Tower shield      |       |       |       |    48 |  1586 |   365 ||  1999

Table legend: (Time is in decaauts)
 A = Elapsed time spent in this place.
 B = Non-inter-level travel time spent in this place.
 C = Inter-level travel time spent in this place.
 D = Time resting spent in this place.
 E = Time spent auto-exploring this place.
 F = Levels seen in this place.
 G = Mean time per level.
                   A        B        C        D        E       F      G
               +--------+--------+--------+--------+--------+-----+--------+
         Total |  29931 |  27069 |   2862 |   3827 |   9574 |  24 | 1247.1 |
       Dungeon |  13456 |  11648 |   1808 |   1854 |   5474 |  11 | 1223.3 |
        Temple |     37 |      2 |     35 |      0 |      0 |   1 |   37.0 |
          Lair |   6846 |   6515 |    331 |    621 |   2583 |   5 | 1369.2 |
     Snake Pit |   6332 |   5942 |    390 |   1290 |    733 |   4 | 1583.0 |
  Orcish Mines |   2889 |   2592 |    297 |     36 |    734 |   2 | 1444.5 |
       Ossuary |    369 |    369 |      0 |     26 |     50 |   1 |  369.0 |
               +--------+--------+--------+--------+--------+-----+--------+

Top non-repeatable levels by time:
 Snake:3: 2464 daAuts
     D:7: 1961 daAuts
  Lair:5: 1879 daAuts
   Orc:2: 1855 daAuts
 Snake:2: 1710 daAuts
     D:9: 1639 daAuts
  Lair:1: 1625 daAuts
     D:3: 1623 daAuts
 Snake:1: 1416 daAuts
     D:4: 1410 daAuts
    D:10: 1385 daAuts
  Lair:4: 1299 daAuts
  Lair:2: 1252 daAuts
     D:6: 1134 daAuts
     D:8: 1068 daAuts
